 Dungeon Crawl Stone Soup version 0.24-a0-462-ge24419a6ad (webtiles) character file.

Game seed: 7096472632907031789

8206 Acheron the Covered (level 11, -1/67 HPs)
             Began as a Gargoyle Fighter on July 1, 2019.
             Was an Elder of Okawaru.
             Slain by a white ugly thing (32 damage)
             ... on level 11 of the Dungeon.
             The game lasted 00:54:59 (10185 turns).

Acheron the Covered (Gargoyle Fighter)             Turns: 10185, Time: 00:55:00

Health: -1/67      AC: 15    Str: 20    XL:     11   Next: 27%
Magic:  0/18       EV: 18    Int: 19    God:    Okawaru [****..]
Gold:   426        SH: 12    Dex: 16    Spells: 20/20 levels left

rFire    . . .     SeeInvis .   a - +2 war axe
rCold    . . .     Gourm    .   c - +0 shield
rNeg     + + .     Faith    .   D - +1 leather armour "Egiosoi" {rPois MR+ Int+8}
rPois    ∞         Spirit   +   r - +2 hat of the Bear Spirit {Spirit, +Rage rN+ MR++}
rElec    +         Reflect  .   (no cloak)
rCorr    .         Harm     .   (no gloves)
MR       ++++.                  (no boots)
Stlth    +++++.....             (no amulet)
HPRegen  0.21/turn              u - +6 ring of dexterity
MPRegen  0.16/turn              l - ring of protection from magic

@: heroism
A: negative energy resistance 1, electricity resistance, unbreathing,
petrification resistance, rot immunity, AC +8
a: Heroism, Renounce Religion, Evoke Berserk Rage


You were on level 11 of the Dungeon.
You worshipped Okawaru.
Okawaru was greatly pleased with you.
You were not hungry.

You visited 1 branch of the dungeon, and saw 12 of its levels.

You collected 426 gold pieces.

Inventory:

Hand Weapons
 a - a +2 war axe (weapon)
 b - a +5 short sword
   (You took it off a wight on level 8 of the Dungeon)
 m - a +0 hunting sling
   (You took it off a kobold on level 2 of the Dungeon)
 n - a +5 falchion
   (You took it off a wight on level 8 of the Dungeon)
 y - a +2 long sword of slicing
   (You took it off a centaur on level 5 of the Dungeon)
 A - a +4 flail of holy wrath
   (You took it off Edmund on level 5 of the Dungeon)
 K - a +0 hand crossbow
   (You took it off a kobold on level 7 of the Dungeon)
 Q - a +1 trident of freezing
   (You took it off a wight on level 6 of the Dungeon)
Missiles
 f - 408 stones
 i - a throwing net {!f}
 p - 63 sling bullets
 t - 3 curare-tipped darts {!f}
 C - 34 poisoned darts (quivered)
 N - 17 silver javelins
 T - 5 boomerangs
Armour
 c - a +0 shield (worn)
 r - the +2 hat of the Bear Spirit (worn) {Spirit, +Rage rN+ MR++}
   (You found it on level 11 of the Dungeon)

   It protects you from negative energy.
   It affects your resistance to hostile enchantments.
   It lets you go berserk.
 D - the +1 leather armour "Egiosoi" (worn) {rPois MR+ Int+8}
   (You found it on level 4 of the Dungeon)

   It affects your intelligence (+8).
   It protects you from poison.
   It affects your resistance to hostile enchantments.
 L - a +3 leather armour of cold resistance
   (You found it on level 8 of the Dungeon)
 U - the +1 leather armour of Xozaddoi {rN++ MR+}
   (You found it on level 9 of the Dungeon)

   It greatly protects you from negative energy.
   It affects your resistance to hostile enchantments.
Jewellery
 j - an uncursed ring of positive energy
   (You found it on level 2 of the Dungeon)
 l - a ring of protection from magic (right hand)
   (You found it on level 6 of the Dungeon)
 q - an uncursed ring of protection from fire
   (You took it off a kobold on level 2 of the Dungeon)
 u - a +6 ring of dexterity (left hand)
   (You found it on level 5 of the Dungeon)
Wands
 g - a wand of random effects (11)
   (You found it on level 4 of the Dungeon)
 z - a wand of clouds (4)
   (You found it on level 7 of the Dungeon)
 G - a wand of scattershot (5)
   (You found it on level 6 of the Dungeon)
Scrolls
 k - 6 scrolls of remove curse {@r2}
 v - 2 scrolls of amnesia
 w - 4 scrolls of noise {!r}
 H - a scroll of teleportation {@r4}
 R - 2 scrolls of immolation {!r}
Potions
 d - 2 potions of might
 h - 4 potions of curing {@q1}
 J - 2 potions of flight
 M - a potion of mutation {unknown}
 P - 2 potions of agility
Comestibles
 e - 11 rations {!d}


   Skills:
 * Level 7.0(12.0) Fighting
 * Level 5.2(10.5) Axes
 + Level 2.9(9.7) Maces & Flails
 + Level 3.5(8.5) Throwing
 * Level 7.1(12.1) Armour
 * Level 4.4(9.4) Dodging
 * Level 6.6(11.6) Stealth
 + Level 6.0(11.0) Shields
 * Level 5.0 Spellcasting
 * Level 5.8 Invocations
 * Level 4.6 Evocations


You had 20 spell levels left.
You didn't know any spells.
Your spell library was empty.

Dungeon Overview and Level Annotations

Branches:
Dungeon (12/15)            Temple (0/1) D:6
   Lair: D:8-11         Orc: D:9-12

Altars:
Ashenzari
Elyvilon
Makhleb
Okawaru
Xom
Yredelemnul
Zin

Shops:
D:4 (   D:5 %   D:7 (

Annotations:
D:7 exclusion: downstairs
D:8 Joseph


Innate Abilities, Weirdness & Mutations

You are resistant to torment.
Your stone body is resilient. (AC +8)
You are immune to poison.
You resist negative energy. (rN+)
You are resistant to electric shocks. (rElec)
You can survive without breathing.
You are immune to petrification.
You are immune to rotting.


Message History

Wear which item? (? for menu, Esc to quit)
You start removing your armour.
You continue taking off your +0 helmet. x4
You finish taking off your +0 helmet.
You start putting on your armour.
You continue putting on the +2 hat of the Bear Spirit {Spirit, +Rage rN+ MR++}. x5
You finish putting on the +2 hat of the Bear Spirit {Spirit, +Rage rN+ MR++}.
You feel your power drawn to a protective spirit.
Drop what? 40/52 slots (_ for help) (? for menu, Esc to quit)
You drop a +0 helmet.
Found a stone staircase leading up.
All of the chunks of flesh in your inventory have rotted away.
There is a stone staircase leading up here.
You open the door.
A phantom comes into view.
The phantom hits you but does no damage.
There is an open door here.
You miss the phantom. The phantom barely misses you.
You hit the phantom. You block the phantom's attack.
You hit the phantom. The phantom barely misses you.
You hit the phantom.
The phantom hits you but does no damage.
You block the phantom's attack.
You barely miss the phantom. The phantom misses you.
You hit the phantom. The phantom hits you.
You barely miss the phantom. The phantom hits you.
You completely miss the phantom. The phantom hits you.
The phantom blinks!
There is an open door here.
You hit the phantom. The phantom barely misses you.
You barely miss the phantom. You block the phantom's attack.
You barely miss the phantom.
The phantom hits you but does no damage.
The phantom barely misses you.
You slash the phantom! You block the phantom's attack.
You hit the phantom.
The phantom hits you but does no damage.
You hit the phantom.
The phantom hits you but does no damage.
You slice the phantom!!
You destroy the phantom!
Okawaru accepts your kill.
You gain the combat prowess of a mighty hero.
You slice the white ugly thing!! The white ugly thing gores you.
The white ugly thing freezes you!!
You hit the white ugly thing. The white ugly thing misses you.
You hit the white ugly thing but do no damage.
You block the white ugly thing's attack.
You slash the white ugly thing! The white ugly thing gores you!
* * * LOW HITPOINT WARNING * * *
The white ugly thing freezes you!!
You die...

.........#.#.....#.#
.........#.#.###.#.#
.)....#.#####.#.#
###...#.....#.#.#
#...#####.#.#.#
#######<.......#..
.........###.#####
.........###........
......u@.'.#########
.........#.#
.........#.#
.........#.#
.........#.#
.........#.#
.........#.#
.........#.# ...


You could see a white ugly thing.

Vanquished Creatures
  A two-headed ogre (D:9)
  A cyclops (D:9)
  A gargoyle (D:8)
  The ghost of Nitrous the Conjurer, a novice DECj (D:6)
  2 trolls (D:9)
  3 hornets
  3 hippogriffs
  A soldier ant (D:8)
  Edmund (D:5)
  A water moccasin (D:9)
  2 sky beasts
  2 ice beasts
  3 black bears
  3 phantoms
  4 orc warriors
  4 ogres
  3 centaurs
  A crocodile (D:9)
  2 big kobolds
  6 bullfrogs
  A scorpion (D:8)
  A wyvern skeleton (D:12)
  11 killer bees
  7 wights
  4 howler monkeys
  A crimson imp (D:7)
  2 orc priests
  4 hounds
  A bullfrog skeleton (D:7)
  A centaur skeleton (D:8)
  2 jellies
  12 orc wizards
  5 iguanas
  6 worker ants
  A hound skeleton (D:4)
  3 worker ant zombies
  Robin (D:2)
  10 adders
  5 gnolls
  3 shadow imps
  4 oozes
  3 adder skeletons
  6 worms
  4 dart slugs
  4 leopard geckos
  40 orcs
  9 giant cockroaches
  13 goblins
  14 hobgoblins
  3 jackals (D:1)
  18 kobolds
  6 quokkas
  2 ball pythons
  9 bats
  5 frilled lizards
  A leopard gecko skeleton (D:7)
  8 rats
275 creatures vanquished.

Notes
Turn   | Place    | Note
-------+----------+-------------------------------------------
     0 | D:1      | Acheron the Gargoyle Fighter began the quest for the Orb.
     0 | D:1      | Reached XP level 1. HP: 14/14 MP: 1/1
    47 | D:1      | Reached XP level 2. HP: 14/19 MP: 2/2
   169 | D:1      | Reached skill level 1 in Stealth
   169 | D:1      | Reached XP level 3. HP: 20/23 MP: 3/3
   333 | D:2      | Found an iron altar of Okawaru.
   363 | D:2      | Became a worshipper of Warmaster Okawaru
   412 | D:2      | Reached skill level 1 in Spellcasting
   412 | D:2      | Reached XP level 4. HP: 19/28 MP: 5/5
   574 | D:2      | Noticed Robin
   596 | D:2      | Killed Robin
   596 | D:2      | Reached skill level 1 in Dodging
   750 | D:2      | Found a glowing silver altar of Zin.
   876 | D:2      | Found a white marble altar of Elyvilon.
   960 | D:2      | Found a shimmering altar of Xom.
  1091 | D:1      | Reached XP level 5. HP: 33/33 MP: 6/6
  2088 | D:4      | Reached skill level 1 in Throwing
  2088 | D:4      | Reached XP level 6. HP: 37/38 MP: 8/8
  2126 | D:4      | Noticed a phantom
  2159 | D:4      | Reached skill level 1 in Invocations
  2198 | D:5      | Entered Level 5 of the Dungeon
  2517 | D:5      | Reached * piety under Okawaru
  2517 | D:5      | Reached XP level 7. HP: 25/43 MP: 10/10
  2688 | D:5      | Noticed Edmund
  2703 | D:5      | Killed Edmund
  2703 | D:5      | Reached skill level 1 in Evocations
  2812 | D:5      | Found a shattered altar of Ashenzari.
  2875 | D:5      | Found Wacael's Food Shoppe.
  3235 | D:4      | Got a jewelled leather armour
  3240 | D:4      | Identified the +1 leather armour "Egiosoi" {rPois MR+
                  | Int+8} (You found it on level 4 of the Dungeon)
  3510 | D:4      | Found Wanas's Antique Weapon Shoppe.
  4860 | D:6      | Found a staircase to the Ecumenical Temple.
  4946 | D:7      | Reached XP level 8. HP: 48/48 MP: 11/11
  5019 | D:7      | Noticed a hippogriff
  5022 | D:8      | Found a basalt altar of Yredelemnul.
  5069 | D:8      | Found a burning altar of Makhleb.
  5151 | D:8      | Reached ** piety under Okawaru
  5203 | D:8      | Reached skill level 5 in Fighting
  5232 | D:8      | Noticed Joseph
  5261 | D:9      | Noticed a troll
  5309 | D:9      | Noticed a hippogriff
  5326 | D:9      | Killed a hippogriff
  5326 | D:9      | Reached skill level 5 in Armour
  5469 | D:9      | Found a burning altar of Makhleb.
  5527 | D:9      | Noticed a two-headed ogre
  5774 | D:7      | Reached XP level 9. HP: 38/54 MP: 11/13
  5821 | D:7      | Reached skill level 1 in Maces & Flails
  6064 | D:7      | Reached *** piety under Okawaru
  6069 | D:7      | Reached skill level 5 in Shields
  6306 | D:7      | Found Irudex's Antique Weapon Shoppe.
  6356 | D:7      | Reached skill level 5 in Stealth
  6496 | D:6      | Received a gift from Okawaru
  6852 | D:6      | Reached XP level 10. HP: 45/60 MP: 16/16
  6974 | D:6      | Found a runed translucent gate.
  6974 | D:6      | Found a runed translucent gate.
  6977 | D:6      | Found a runed translucent gate.
  6977 | D:6      | Noticed Nitrous's ghost (novice DECj)
  6988 | D:6      | Killed Nitrous's ghost
  7385 | D:9      | Reached **** piety under Okawaru
  7707 | D:9      | Got a steaming leather armour
  7708 | D:9      | Identified the +1 leather armour of Xozaddoi {rN++ MR+}
                  | (You found it on level 9 of the Dungeon)
  7791 | D:9      | Killed a two-headed ogre
  7791 | D:9      | Reached skill level 5 in Invocations
  7962 | D:9      | Noticed a cyclops
  7972 | D:9      | Killed a cyclops
  7972 | D:9      | Reached ***** piety under Okawaru
  8189 | D:9      | Received a gift from Okawaru
  8277 | D:10     | Entered Level 10 of the Dungeon
  8428 | D:8      | Reached skill level 5 in Axes
  8438 | D:8      | Reached XP level 11. HP: 32/66 MP: 18/18
  9451 | D:8      | Received a gift from Okawaru
  9807 | D:10     | Reached skill level 5 in Spellcasting
  9826 | D:10     | You fall into a shaft and drop 2 floors!
  9827 | D:12     | Noticed a five-headed hydra
  9915 | D:12     | Noticed a two-headed ogre
 10111 | D:11     | Noticed a white ugly thing
 10112 | D:11     | Found the +2 hat of the Bear Spirit {Spirit, +Rage rN+
                  | MR++}
 10185 | D:11     | Slain by a white ugly thing

Levels and vault maps discovered:
D:1:      erik_arrival_gehennom, layout_rooms
D:2:      layout_rooms, lemuel_crystal_altar, marbit_many_paths, zin_treasury,
          okawaru_ov_weapons_minmay, serial_park_tiny_1, uniq_robin
D:3:      layout_basic
D:4:      layout_layer_cave, serial_shops, shop
D:5:      layout_cave_pools, basic_altar, serial_shops,
          nicolae_shop_temple_entry_statues_fountains, first_ration, uniq_edmund
D:6:      layout_basic, minmay_temple_entry_ruins, ebering_ghost_rock_garden
D:7:      layout_basic, serial_shops, nicolae_shop_behind_doors, eino_curves_02
D:8:      layout_cave_pods, old_standard_altar, nicolae_overflow_hidden_temple,
          hangedman_pestilent_swarm, uniq_joseph
D:9:      layout_loops_ring, basic_altar, gammafunk_ghost_nasty_kobolds
D:10:     wander_kiku_kobolds, layout_gridville, grunt_lair_entry_orc_guard_hut,
          orc_0_dummy, serial_undead, serial_undead_b, serial_undead_c,
          serial_undead_d, serial_undead_a, serial_undead_a, serial_undead_b,
          serial_undead_d, serial_undead_a, serial_undead_f, serial_undead_a,
          uniq_sonja
D:11:     layout_basic, serial_shops, shop, special_room [special_room_orc]
D:12:     layout_small_grid, maelrawn_ghost_gauntlet_escape

Skill      XL: |  1  2  3  4  5  6  7  8  9 10 11 |
---------------+----------------------------------+-----
Stealth        | 1 2 3 4 5 6 |  6.6
Spellcasting   | 1 2 3 4 5 |  5.0
Dodging        | 1 2 3 4 |  4.4
Axes           | 2 3 4 5 |  5.2
Shields        | 4 5 6 |  6.0
Fighting       | 4 5 6 7 |  7.0
Throwing       | 1 2 3 |  3.5
Invocations    | 1 2 3 4 5 |  5.8
Armour         | 4 5 6 7 |  7.1
Evocations     | 1 2 3 4 |  4.6
Maces & Flails | 2 |  2.9

Action                   |  1- 3 |  4- 6 |  7- 9 | 10-12 || total
-------------------------+-------+-------+-------+-------++-------
Melee: War axe           |    76 |   227 |   323 |   327 ||   953
Throw: Dart              |       |       |     5 |     4 ||     9
Invok: Heroism           |       |       |     9 |    15 ||    24
Evoke: Wand              |       |     1 |     1 |       ||     2
  Use: Scroll            |       |     6 |    10 |     6 ||    22
       Potion            |       |     2 |     1 |     1 ||     4
 Stab: Sleeping          |       |       |     4 |     6 ||    10
  Eat: Chunk             |       |     5 |     6 |       ||    11
       Ration            |       |       |     3 |     3 ||     6
Armor: Scale mail        |    50 |   140 |    20 |       ||   210
       Leather armour    |       |       |   150 |    92 ||   242
Dodge: Dodged            |    43 |   102 |   233 |   209 ||   587
Block: Shield            |    43 |   160 |   247 |   216 ||   666

Table legend:
 A = Non-vault XP
 B = Vault XP
 C = Vault XP percentage of total XP
 D = Non-vault monster count
 E = Vault monster count
 F = Vault count percentage of total count
                 A         B        C        D         E       F
            +---------+---------+-------+---------+---------+-------
      Total |   10452 |    1271 |  10.8 |     251 |      24 |   8.7
            +---------+---------+-------+---------+---------+-------
        D:1 |      72 |      19 |  20.9 |      28 |       5 |  15.2
        D:2 |      82 |      38 |  31.7 |      27 |      13 |  32.5
        D:3 |      56 |       0 |   0.0 |      14 |       0 |   0.0
        D:4 |     477 |       0 |   0.0 |      25 |       0 |   0.0
        D:5 |     243 |     154 |  38.8 |      10 |       1 |   9.1
        D:6 |     982 |     322 |  24.7 |      26 |       1 |   3.7
        D:7 |    1747 |       0 |   0.0 |      42 |       0 |   0.0
        D:8 |    1852 |     738 |  28.5 |      31 |       4 |  11.4
        D:9 |    3918 |       0 |   0.0 |      37 |       0 |   0.0
       D:10 |     298 |       0 |   0.0 |       1 |       0 |   0.0
       D:11 |     352 |       0 |   0.0 |       5 |       0 |   0.0
       D:12 |     373 |       0 |   0.0 |       5 |       0 |   0.0
            +---------+---------+-------+---------+---------+-------
